Map: Prion Terraces

Players

Daddy

  • Race: Zerg Zerg
  • League: Gold

Tröbät

  • Race: Zerg Zerg
  • League: Platinum

Kurogan

  • Race: Terran Terran
  • League: Platinum

blocoxine

  • Race: Terran Terran
  • League: Gold

VOD

Have the link to the VOD?

Description

[Awfk] Daddy & blocoxinz
[OC] Tröbät & Kurrogan

Time

  • Played on: March 27, 2016, 5:41 p.m.
  • Length: 17:11
Show
View Real Time Build Order
Export as new Build Order

Daddy Zerg 

Build Orders: Hatch First, Muta Ling Bane, Zergling Baneling 

Get SALT Encoding   

  12  0:01  Drone  
  13  0:08  Drone  
  14  0:20  Overlord  
  14  0:39  Drone x2  
  14  0:40  Drone  
  17  0:58  Drone  
  17  1:00  Hatchery  
  17  1:04  Drone, Extractor  
  17  1:13  Drone  
  18  1:23  Extractor  
  17  1:25  Spawning Pool  
  17  1:27  Drone  
  17  1:34  Drone  
  19  1:50  Overlord  
  18  2:12  Metabolic Boost  
  18  2:13  Queen  
  20  2:16  Queen  
  22  2:32  Zergling x2, Baneling Nest  
  22  2:33  Zergling x4  
  22  2:34  Zergling x2  
  25  2:37  Zergling x2  
  26  3:02  Zergling x4  
  26  3:03  Zergling x6  
  31  3:11  Zergling x2  
  32  3:18  Zergling x4  
  34  3:23  Burrow  
  34  3:32  Baneling  
  34  3:33  Baneling  
  34  3:37  Overlord  
  34  3:38  Zergling x2  
  34  3:39  Zergling x2  
  34  3:40  Overlord  
  36  3:49  Baneling x2  
  36  3:56  Drone  
  36  3:59  Extractor, Baneling  
  36  4:03  Baneling  
  36  4:11  Extractor  
  36  4:12  Extractor  
  36  4:14  Drone x3  
  36  4:17  Drone x4  
  38  4:37  Drone x2  
  40  4:39  Baneling  
  40  4:40  Baneling x2  
  40  4:50  Lair  
  40  4:52  Drone  
  41  4:54  Drone x3  
  45  5:07  Drone  
  45  5:09  Drone  
  45  5:33  Drone x2  
  45  5:35  Drone  
  48  5:38  Drone x4  
  52  5:44  Hatchery  
  52  5:45  Overlord x2  
  52  5:48  Baneling x2  
  51  6:02  Spire  
  50  6:16  Baneling  
  51  6:20  Zergling x20  
  52  6:34  Zergling x2  
  52  6:35  Zergling x8  
  54  6:40  Baneling x3  
  54  6:41  Baneling x11  
  37  7:13  Mutalisk x3  
  37  7:14  Mutalisk x5  
  53  7:28  Queen  
  55  7:34  Hatchery  
  55  7:36  Mutalisk x2  
  58  7:40  Drone  
  58  7:41  Overlord  
  59  7:59  Centrifical Hooks  
  59  8:01  Drone  
  59  8:02  Evolution Chamber x2, Drone x2  
  60  8:14  Overseer  
  60  8:18  Pneumatized Carapace  
  58  8:23  Zergling x14  
  63  8:39  Mutalisk x2  
  67  8:42  Spore Crawler  
  64  8:53  Extractor  
  59  8:56  Extractor  
  59  8:59  Spire  
  52  9:03  Drone x4  
  52  9:04  Drone  
  52  9:08  Drone x2  
  52  9:09  Drone  
  55  9:11  Drone  
  50  9:27  Drone x4  
  50  9:28  Drone  
  55  9:43  Drone x2  
  55  9:45  Drone  
  58  9:55  Zerg Melee Weapons Level 1  
  58  9:56  Zerg Ground Armor Level 1  
  58  9:58  Infestation Pit  
  55  10:06  Zergling x2  
  55  10:07  Zergling x14  
  60  10:23  Mutalisk x3  
  66  10:30  Drone x3  
  69  10:38  Zergling x2  
  70  10:47  Hive  
  70  10:49  Drone  
  70  11:16  Overlord  
  70  11:17  Overlord x3  
  70  11:18  Mutalisk  
  72  11:30  Baneling x2  
  72  11:32  Baneling  
  68  11:51  Corruptor x8  
  84  11:56  Corruptor  
  86  12:03  Greater Spire  
  86  12:08  Drone  
  86  12:13  Corruptor, Drone  
  89  12:30  Corruptor x2  
  95  12:39  Corruptor  
  95  12:41  Corruptor  
  81  13:21  Corruptor  
  81  13:22  Corruptor x6  
  81  13:26  Brood Lord  
  93  13:31  Brood Lord  
  89  13:38  Brood Lord  
  91  13:44  Drone  
  91  13:48  Zergling x10  
  88  13:57  Zergling x6  
  81  14:05  Zergling x4  
  81  14:08  Baneling x2  
  79  14:10  Baneling x8  
  79  14:18  Brood Lord  
  79  14:21  Brood Lord  
  79  14:34  Zergling x4  
  79  14:35  Zergling x8  
  73  14:48  Zergling x2  
  73  14:49  Zergling x10  
  71  14:58  Baneling  
  71  14:59  Baneling x5  
  68  15:02  Zergling x6  
  56  15:15  Zergling x4  
  45  15:29  Zergling x4  
  38  15:59  Zergling x2  
  38  16:00  Zergling x6  
  42  16:07  Zergling x6  
  45  16:15  Zergling x4  
  45  16:16  Zergling x2  
  47  16:28  Baneling  
  47  16:33  Baneling  
  47  16:34  Baneling x9  
Show
View Real Time Build Order
Export as new Build Order

Tröbät Zerg 

Build Orders:  

Get SALT Encoding   

  12  0:01  SCV  
  13  0:13  SCV  
  14  0:18  Supply Depot  
  14  0:25  SCV  
  15  0:39  SCV  
  16  0:42  Barracks  
  16  0:46  Refinery  
  16  0:51  SCV  
  17  1:03  SCV  
  18  1:16  SCV  
  19  1:33  Orbital Command  
  19  1:34  Reaper  
  20  1:43  Command Center  
  20  1:53  Supply Depot  
  20  2:00  SCV  
  21  2:07  Barracks Tech Lab  
  21  2:08  Refinery  
  21  2:16  Factory  
  21  2:22  SCV  
  22  2:36  SCV  
  23  2:41  Barracks Reactor  
  23  2:48  SCV  
  24  3:00  SCV  
  26  3:06  Starport  
  26  3:09  Orbital Command  
  25  3:21  SCV  
  26  3:31  Marine  
  26  3:33  SCV, Hellion x2  
  32  3:39  Armory  
  31  3:44  Medivac  
  33  3:49  Marine  
  33  3:54  Hellion x2  
  38  3:59  SCV  
  39  4:07  Marine  
  40  4:11  Bunker  
  40  4:13  Bunker  
  40  4:16  Hellion x2  
  44  4:21  Starport Tech Lab  
  43  4:25  SCV, Marine  
  45  4:40  Supply Depot  
  45  4:56  Cloaking Field  
  45  5:02  Supply Depot  
  45  5:12  Supply Depot  
  45  5:14  Orbital Command  
  45  5:24  Banshee, Hellion  
  50  5:28  Starport  
  50  5:32  Starport  
  50  5:34  Supply Depot  
  50  5:43  Hellion  
  50  5:46  Hellion  
  54  6:03  Marine  
  55  6:05  Hellion  
  55  6:06  Banshee, Starport Tech Lab  
  55  6:07  Hellion  
  62  6:23  Starport Tech Lab  
  62  6:25  Banshee  
  62  6:49  Banshee  
  43  7:03  Banshee  
  43  7:05  Widow Mine x2  
  43  7:08  SCV x2  
  51  7:15  Banshee  
  55  7:20  SCV  
  56  7:26  SCV  
  56  7:29  Supply Depot  
  57  7:32  SCV, Banshee  
  57  7:35  Terran Vehicle And Ship Armor Level 1  
  61  7:38  SCV  
  62  7:44  SCV  
  63  7:51  Widow Mine x2  
  63  7:54  SCV  
  63  7:56  SCV  
  65  7:59  Engineering Bay  
  60  8:14  SCV  
  59  8:20  Widow Mine x2  
  59  8:26  Liberator  
  55  8:46  Missile Turret  
  58  8:48  Widow Mine x2  
  58  8:49  Marine  
  58  8:50  Missile Turret  
  60  9:07  Marine  
  58  9:17  Command Center, Barracks x2  
  58  9:19  Barracks  
  46  9:29  Liberator  
  46  9:30  SCV  
  47  9:39  Terran Infantry Weapons Level 1  
  47  9:42  SCV, Stimpack  
  47  9:43  Widow Mine x2  
  55  9:54  SCV  
  56  10:05  Barracks Reactor  
  56  10:06  Barracks Tech Lab  
  52  10:34  Missile Turret  
  52  10:36  Barracks Reactor  
  52  10:37  Combat Shields  
  52  10:46  Marine x4  
  56  10:53  Supply Depot  
  56  10:54  Orbital Command  
  56  11:03  Marine  
  56  11:04  Marine x2  
  59  11:17  Supply Depot  
  59  11:24  Orbital Command  
  59  11:29  Marine  
  59  11:32  Bunker  
  59  11:47  Marine  
  60  11:58  Liberator x2  
  60  12:00  Marine x2  
  62  12:15  Supply Depot  
  62  12:19  SCV  
  62  12:20  SCV  
  62  12:21  Marine  
  71  12:22  Marine  
  71  12:26  Terran Infantry Armor Level 1  
  72  12:38  Marine x3  
  75  12:45  Marine x3  
  78  12:56  Marine x2  
  78  12:57  Medivac, Marauder  
  84  12:58  Medivac x2  
  84  13:03  Marine  
  84  13:04  Marauder  
  89  13:23  Marine x3  
  89  13:24  Marine, Marauder  
  95  13:33  SCV x2  
  96  13:41  Marine x3  
  97  13:43  Marauder  
  101  13:54  Marauder  
  99  13:58  Marine, Liberator  
  99  14:01  Marine  
  99  14:02  Marine  
  98  14:04  Marauder  
  98  14:08  SCV  
  102  14:12  Refinery  
  102  14:13  Refinery  
  102  14:15  Marauder  
  102  14:16  Marine  
  107  14:18  Orbital Command  
  107  14:19  Marine x2  
  107  14:20  SCV  
  110  14:25  Marine  
  93  14:41  Marine x3  
  93  14:42  Marine  
  93  14:43  Marine  
  94  14:53  Medivac  
  94  14:59  Marine x3  
  93  15:15  Marine x2  
  93  15:17  Marine x3  
  79  15:33  Marine x2  
  77  15:37  Marine x3  
  78  15:44  Medivac  
  80  15:51  Marine, Marauder  
  80  15:54  Marine  
  80  15:55  Marine x2  
  83  16:08  Marine  
  83  16:09  Medivac  
  86  16:12  Marine x4  
  90  16:26  Marine  
  90  16:30  Marine  
  91  16:33  Marine x3  
  91  16:39  Supply Depot  
  94  16:43  SCV x2  
  94  16:44  Marine  
  97  16:47  Marine  
  97  16:51  Marine  
  89  16:54  Refinery  
  89  16:59  Refinery  
Show
View Real Time Build Order
Export as new Build Order

Kurogan Terran 

Build Orders:  

Get SALT Encoding   

Show
View Real Time Build Order
Export as new Build Order

blocoxine Terran 

Build Orders:  

Get SALT Encoding   

Tags
 
Add a new tag
Caveats
  • Supply blocks, unpowered buildings, or Contaminate may cause inaccurate times.
  • Supply counts are checked every 10 seconds.